Map: Redstorm

Players

AquAblAck

  • Race: Zerg Zerg
  • League: Diamond
  • Spawn Location: 1:00

Sketchaphone

  • Race: Zerg Zerg
  • League: Gold
  • Spawn Location: 1:00

PBOY - Winner!

  • Race: Terran Terran
  • League: Master
  • Spawn Location: 7:00

SlashZero - Winner!

  • Race: Zerg Zerg
  • League: Diamond
  • Spawn Location: 7:00

VOD

Have the link to the VOD?

Description

Time

  • Played on: Nov. 10, 2018, 5:34 p.m.
  • Length: 7:12
Show
View Real Time Build Order
Export as new Build Order

AquAblAck Zerg 

Build Orders: Hatch First 

Get SALT Encoding   

  12  0:01  Drone  
  13  0:13  Overlord  
  13  0:18  Drone  
  14  0:32  Drone x2  
  16  0:36  Drone  
  17  0:53  Hatchery  
  17  0:57  Drone  
  17  0:58  Extractor  
  17  1:02  Drone  
  17  1:16  Spawning Pool  
  16  1:19  Drone  
  16  1:23  Drone  
  18  1:30  Drone  
  19  1:46  Overlord  
  19  1:53  Drone  
  20  2:02  Queen  
  20  2:04  Zergling x2  
  20  2:05  Queen  
  20  2:07  Zergling x2  
  26  2:13  Metabolic Boost  
  26  2:17  Zergling x2  
  26  2:21  Zergling x2  
  29  2:44  Drone x2  
  29  2:50  Spine Crawler  
  27  2:58  Zergling x4  
  27  2:59  Zergling x2, Drone  
  27  3:00  Drone  
  32  3:10  Spine Crawler  
  32  3:13  Zergling x2  
  32  3:14  Zergling x4  
  35  3:23  Overlord  
  35  3:24  Overlord  
  35  3:40  Zergling x8  
  35  3:58  Zergling x2  
  35  3:59  Zergling x12  
  39  4:08  Queen  
  37  4:10  Queen  
  37  4:12  Zergling x8  
  34  4:26  Zergling x6  
  34  4:35  Zergling x2  
  35  4:40  Zergling x2  
  32  4:49  Zergling x4  
  34  4:56  Zergling x2  
  31  5:05  Zergling x2  
  32  5:12  Zergling x2  
  32  5:13  Zergling x2  
  27  5:32  Zergling x4  
  27  5:33  Zergling x4  
  31  5:45  Roach Warren  
  30  5:59  Hatchery  
  29  6:25  Roach x4  
  37  6:26  Roach x2  
Show
View Real Time Build Order
Export as new Build Order

Sketchaphone Zerg 

Build Orders: Hatch First 

Get SALT Encoding   

  12  0:02  Drone  
  13  0:12  Overlord  
  13  0:17  Drone  
  14  0:30  Drone x2  
  16  0:36  Drone  
  17  0:54  Hatchery  
  16  1:14  Drone  
  16  1:16  Extractor  
  16  1:25  Spawning Pool, Drone  
  16  1:26  Drone  
  16  1:27  Drone  
  18  1:35  Drone  
  19  1:58  Overlord, Drone  
  20  2:11  Queen  
  20  2:13  Zergling x2  
  20  2:14  Queen  
  26  2:15  Zergling x2  
  26  2:16  Metabolic Boost  
  26  2:28  Zergling x2  
  26  2:29  Zergling x2  
  28  2:44  Drone  
  28  2:45  Drone  
  29  3:01  Overlord, Drone x3  
  32  3:13  Hatchery  
  32  3:17  Spine Crawler  
  30  3:22  Overlord  
  30  3:23  Zergling x2  
  31  3:29  Zergling x6  
  31  3:33  Zergling x4  
  36  3:44  Zergling x4  
  36  3:45  Zergling x2  
  37  3:53  Spine Crawler  
  35  3:57  Spine Crawler, Drone x2  
  34  4:17  Queen  
  34  4:23  Zergling x12  
  41  4:26  Drone  
  41  4:28  Drone  
  33  4:57  Drone  
  33  4:58  Spine Crawler, Drone x7  
  33  4:59  Spine Crawler  
  37  5:12  Lair  
  35  5:26  Spine Crawler  
  35  5:33  Queen  
  37  5:36  Drone x8  
  37  5:37  Spine Crawler  
  44  5:55  Spine Crawler  
  43  5:58  Zergling x6  
  46  6:07  Overlord  
  42  6:40  Drone x2  
  42  6:41  Zergling x12, Drone  
  42  6:46  Evolution Chamber  
  50  6:54  Hatchery  
Show
View Real Time Build Order
Export as new Build Order

PBOY Terran - Winner!

Build Orders:  

Get SALT Encoding   

  12  0:01  SCV  
  13  0:13  SCV  
  14  0:21  Supply Depot  
  14  0:25  SCV  
  15  0:31  Refinery  
  15  0:43  SCV  
  15  0:49  Barracks  
  16  0:57  Refinery, SCV  
  17  1:05  Barracks x2  
  17  1:09  Barracks  
  17  1:12  Barracks, SCV  
  18  1:24  SCV  
  19  1:36  SCV  
  19  1:37  Reaper  
  21  1:50  Supply Depot  
  21  1:53  Reaper  
  22  1:57  Reaper  
  22  1:58  Orbital Command  
  23  2:08  Supply Depot  
  23  2:11  Reaper x2  
  23  2:13  Barracks x2  
  25  2:17  Reaper  
  26  2:25  Supply Depot  
  26  2:27  Reaper  
  27  2:36  Reaper  
  28  2:43  Reaper x2, SCV  
  31  2:50  Reaper  
  32  2:59  Reaper  
  32  3:03  Reaper  
  32  3:04  SCV  
  35  3:08  Reaper  
  35  3:09  Reaper  
  37  3:15  Reaper  
  37  3:19  Reaper  
  39  3:21  SCV  
  39  3:22  Reaper  
  39  3:24  Supply Depot  
  39  3:25  Supply Depot  
  41  3:41  Reaper x3  
  44  3:49  Reaper x2  
  46  4:00  Reaper  
  46  4:10  Reaper  
  47  4:17  Reaper x2  
  47  4:31  Reaper x2  
  47  4:32  Reaper  
  48  4:46  Reaper x2  
  48  4:47  SCV  
  51  4:58  Supply Depot  
  51  5:00  Supply Depot  
  51  5:10  Reaper x4  
  53  5:31  Reaper x2  
  53  5:33  Reaper  
  56  5:42  Reaper x2  
  55  5:50  Reaper x2, Command Center  
  57  6:03  Reaper x2  
  59  6:06  Barracks x2  
  59  6:13  Reaper  
  59  6:14  Reaper x2  
  59  6:15  Refinery  
  59  6:18  Refinery  
  62  6:22  Reaper  
  63  6:33  Reaper  
  63  6:35  Reaper x2  
Show
View Real Time Build Order
Export as new Build Order

SlashZero Zerg - Winner!

Build Orders:  

Get SALT Encoding   

  12  0:01  Drone  
  13  0:28  Drone  
  14  1:38  Extractor  
  13  2:05  Extractor  
Tags
 
Add a new tag
Caveats
  • Supply blocks, unpowered buildings, or Contaminate may cause inaccurate times.
  • Supply counts are checked every 10 seconds.